 Dungeon Crawl Stone Soup version 0.29-a0-334-gb41bcbb86e (webtiles) character file.

Game seed: 16054917414846587609

2 spaghetti the Sneak (level 1, -2/20 HPs)
             Began as a Djinni Delver on Apr 14, 2022.
             Slain by a scorpion (6 damage)
             ... on level 4 of the Dungeon.
             The game lasted 00:00:41 (418 turns).

spaghetti the Sneak (Djinni Delver)                  Turns: 418, Time: 00:00:42

Health: -2/20      AC:  3    Str: 11    XL:     1   Next: 33%
Gold:   16         EV: 12    Int: 11    God:
                   SH:  0    Dex: 14

rFire   + + .      SeeInvis .   d - +0 trident {polearm}
rCold   x . .      Faith    .   (no shield)
rNeg    . . .      Spirit   .   a - +0 leather armour
rPois   ∞          Reflect  .   (no helmet)
rElec   .          Harm     .   (no cloak)
rCorr   .          Rampage  .   (no gloves)
Will    .....                   (boots unavailable)
Stlth   ++........              (no amulet)
HPRegen 0.06/turn               (no ring)
MPRegen 0.00/turn               (no ring)

@: flying, hasted, very quick
A: sickness immunity, fire resistance 2, cold vulnerability 1, float, innate
caster, HP casting, extra vitality 1
a: no special abilities


You were on level 4 of the Dungeon.
You visited 1 branch of the dungeon, and saw 2 of its levels.

You collected 16 gold pieces.


Innate Abilities, Weirdness & Mutations

You are immune to sickness and miasma.
You are immune to poison.
Your flesh is very heat resistant. (rF++)
You are vulnerable to cold. (rC-)
You float through the air rather than walking.
You learn spells naturally, not from books.
Your magical power is your life essence.
You have superior vitality. (+4 MHP)


   Skills:
 - Level 3.0 Fighting
 - Level 2.1 Dodging
 + Level 4.2 Stealth
 - Level 2.0 Unarmed Combat


You couldn't memorise any spells.
You didn't know any spells.
Your spell library was empty.

Inventory:

Hand Weapons
 d - a +0 trident (weapon) {polearm}
   (You found it on level 5 of the Dungeon)
Armour
 a - a +0 leather armour (worn)
Wands
 f - a wand of digging (3)
Scrolls
 b - a scroll of fog
 c - a scroll of magic mapping {!r}

Dungeon Overview and Level Annotations

Branches:
Dungeon (5/15)
 Temple: D:4-7

Altars:

.. ..# .. .#. ##.
... # .. #
.######.##...
#.#####.#..@.J....#
#.......#.##s....#..
#>.###.#<.......#
#.###..#........#
#)###.##........#
##.#...###.....###
#....### .......#
#..### .......# #..#


You could see a scorpion and an endoplasm.


Message History

MASSIVE DAMAGE!! (PAUSE)
Okay, then.
Okay, then.
You miss the ufetubus. The ufetubus misses you.
The ufetubus hits you but does no damage.
As you read the scroll of fear, it crumbles to dust.
You assume a fearsome visage.
The ufetubus looks frightened!
You start resting.
An ufetubus is nearby! 😱 HP[+2]
You regained 2 hp, and now have 3/20 hp.
There is a stone staircase leading down here.
You fly downwards.
There is a stone staircase leading up here.
You start resting. 😎 HP[+17]
Your hp is fully restored (20).
The book of Changes burns to shimmering ash in your grasp.
d - a +0 trident {polearm}
There is a stone staircase leading up here.
An ice beast comes into view.
An ice beast is nearby!
An ice beast is nearby!
d - a +0 trident (weapon)
{polearm}
There is a stone staircase leading up here.
You fly upwards.
The orc shouts!
There is a stone staircase leading down here.
Unknown command.
An orc is nearby!
The orc hits you but does no damage.
You closely miss the orc.
The orc hits you with a +0 club. 😕 HP[-1]
You take 1 damage, and now have 19/20 hp.
You hit the orc. You punch the orc.
You kill the orc!
Things that are here:
a +0 club {mace}; an orc corpse An endoplasm comes into view. 😎 HP[+1]
Your hp is fully restored (20).
An endoplasm is nearby!
An endoplasm is nearby!
An endoplasm is nearby!
No target in view!
No target in view!
No target in view!
No target in view!
No target in view!
No target in view!
No target in view!
No target in view!
No target in view!
An endoplasm is nearby!
A scorpion comes into view.
Found a stone staircase leading up.
You reach to attack!
You strike the helpless endoplasm from behind!
You hit the endoplasm. The endoplasm hits you.
You are too injured to fight recklessly!
You are too injured to fight recklessly!
You are too injured to fight recklessly!
You are too injured to fight recklessly! 😕 HP[-2]
You take 2 damage, and now have 18/20 hp.
You are too injured to fight recklessly!
You are too injured to fight recklessly!
You are too injured to fight recklessly!
You are too injured to fight recklessly!
You are too injured to fight recklessly!
You are too injured to fight recklessly!
You are too injured to fight recklessly!
You are too injured to fight recklessly!
You are too injured to fight recklessly!
You are too injured to fight recklessly!
You are too injured to fight recklessly!
You are too injured to fight recklessly!
Unknown command.
You barely miss the endoplasm.
The endoplasm hits you but does no damage.
You hit the endoplasm. The endoplasm misses you. 😕 HP[+1]
You hit the endoplasm. The endoplasm hits you. The scorpion barely misses you.
The endoplasm freezes you.
You are frozen.
You feel a terrible chill! 😮 HP[-5]
You take 5 damage, and now have 14/20 hp.
MASSIVE DAMAGE!! (PAUSE)
You feel yourself speed up. The scorpion stings you.
* * * LOW HITPOINT WARNING * * *
The endoplasm freezes you.
You are frozen.
You feel a terrible chill!
* * * LOW HITPOINT WARNING * * *
😱 HP[-10]
You take 10 damage, and now have 4/20 hp.
MASSIVE DAMAGE!! (PAUSE)
The scorpion stings you.
You die...

Action                   || total
-------------------------++-------
Melee: Unarmed           ||    12
       Trident           ||     6
       Punch             ||     1
  Use: Scroll            ||     1
       Potion            ||     1
 Stab: Distracted        ||     1
Armor: Leather armour    ||    13
Dodge: Dodged            ||    20

Levels and vault maps discovered:
D:4:      layout_rooms, mainiacjoe_overflow_concentric_impassable
D:5:      layout_layer_cave, serial_glass, glass_columns_a, glass_columns_a

Notes
Turn   | Place    | Note
-------+----------+-------------------------------------------
     0 | D:5      | spaghetti the Djinni Delver began the quest for the Orb.
     0 | D:5      | Reached XP level 1. HP: 20/20 MP: 0/0
     0 | D:5      | magus.rc [v1.9.6]
    24 | D:4      | HP: 4/20 [ufetubus (2)]
    24 | D:4      | HP: 1/20 [ufetubus (3)]
   370 | D:5      | Noticed an ice beast
   411 | D:4      | Noticed a scorpion
   417 | D:4      | HP: 4/20 [frozen (4)]
   418 | D:4      | Slain by a scorpion

Vanquished Creatures
  An orc (D:4)
1 creature vanquished.

Table legend:
 A = Non-vault XP
 B = Vault XP
 C = Vault XP percentage of total XP
 D = Non-vault monster count
 E = Vault monster count
 F = Vault count percentage of total count
                 A         B        C        D         E       F
            +---------+---------+-------+---------+---------+-------
      Total |       3 |       0 |   0.0 |       1 |       0 |   0.0
            +---------+---------+-------+---------+---------+-------
        D:4 |       3 |       0 |   0.0 |       1 |       0 |   0.0
            +---------+---------+-------+---------+---------+-------

Illustrated notes

Table legend:
 A = Kills in this place as a percentage of kills in entire the game.
 B = Kills by you in this place as a percentage of kills by you in the entire game.
 C = Kills by friends in this place as a percentage of kills by friends in the entire game.
 D = Other kills in this place as a percentage of other kills in the entire game.
 E = Experience gained in this place as a percentage of experience gained in the entire game.
 F = Experience gained in this place divided by the number of levels of this place that you have seen.
                   A       B       C       D       E      F
               +-------+-------+-------+-------+-------+----------------------
         Total | 100.0 | 100.0 |   N/A |   N/A | 100.0 |   1.5
       Dungeon | 100.0 | 100.0 |   N/A |   N/A | 100.0 |   1.5
               +-------+-------+-------+-------+-------+----------------------

Table legend: (Time is in decaauts)
 A = Elapsed time spent in this place.
 B = Non-inter-level travel time spent in this place.
 C = Inter-level travel time spent in this place.
 D = Time resting spent in this place.
 E = Time spent auto-exploring this place.
 F = Levels seen in this place.
 G = Mean time per level.
                   A        B        C        D        E       F      G
               +--------+--------+--------+--------+--------+-----+--------+
         Total |    419 |    419 |      0 |    304 |     50 |   2 |  209.5 |
       Dungeon |    419 |    419 |      0 |    304 |     50 |   2 |  209.5 |
               +--------+--------+--------+--------+--------+-----+--------+

Top non-repeatable levels by time:
     D:5: 343 daAuts
     D:4: 76 daAuts
